 Dungeon Crawl Stone Soup version 0.30-a0-802-gb92711bcdf (webtiles) character file.

Game seed: 5066411020170842010

998 Aneyh the Caller (level 8, 0/44 HPs)
             Began as a Vine Stalker Summoner on Feb 23, 2023.
             Slain by a black bear (1 damage)
             ... on level 6 of the Dungeon.
             The game lasted 00:09:48 (5168 turns).

Aneyh the Caller (Vine Stalker Summoner)            Turns: 5168, Time: 00:09:49

Health: 0/44       AC:  7    Str: 14    XL:     8   Next: 19%
Magic:  0/12       EV: 12    Int: 15    God:
Gold:   407        SH:  0    Dex: 14    Spells: 7/11 levels left

rFire   . . .      SeeInvis .    B - +0 flail of Gilanyext {flame, rN+}
rCold   . . .      Faith    .    (no shield)
rNeg    + . .      Spirit   +    p - +0 troll leather armour {Pargi}
rPois   .          Reflect  .    (no helmet)
rElec   .          Harm     .    x - +2 cloak
rCorr   .          Rampage  .    (no gloves)
Will    +....                    (no boots)
Stlth   ++                       (no amulet)
HPRegen 1.87/turn                (no ring)
MPRegen 0.13/turn                (no ring)

@: mighty
A: fangs 3, regeneration 1, magic shield, antimagic bite, no potion heal 2
a: no special abilities


You were on level 6 of the Dungeon.
You visited 1 branch of the dungeon, and saw 6 of its levels.
You also visited: Sewer.

You collected 407 gold pieces.

Inventory:

Hand Weapons
 a - a +2 mace of protection
 b - a +0 sling
 d - a +0 hand axe
 s - a +2 mace of draining
 w - a +3 quarterstaff of chaos
 B - the +0 flail of Gilanyext (weapon) {flame, rN+}
   (You found it on level 6 of the Dungeon)

   rN:        It protects you from negative energy.
Missiles
 i - 35 poisoned darts
Armour
 k - a +0 robe
 p - a +0 troll leather armour (worn) {Pargi}
 x - a +2 cloak (worn)
Wands
 y - a wand of digging (3)
Scrolls
 f - 4 scrolls of identify
 j - a scroll of brand weapon {unknown}
 m - 2 scrolls of enchant weapon {unknown}
 n - 5 scrolls of teleportation {unknown}
 q - 2 scrolls of fog
 v - 2 scrolls of vulnerability {unknown}
 z - a scroll of summoning {unknown}
 D - a scroll of magic mapping {unknown}
Potions
 c - 3 potions of curing
 e - 2 potions of cancellation
 g - a potion of heal wounds {unknown}
 h - a potion of attraction {unknown}
 l - a potion of might
 o - a potion of degeneration {unknown}
 r - 3 potions of flight {unknown}
 t - 3 potions of magic
 u - a potion of mutation {unknown}
 A - 2 potions of lignification {unknown}
 C - a potion of ambrosia {unknown}


   Skills:
 + Level 6.3 Fighting
 - Level 2.0 Dodging
 - Level 3.0 Stealth
 - Level 2.3 Spellcasting
 + Level 6.8 Summonings


You had 7 spell levels left.
You knew the following spells:

 Your Spells              Type           Power      Damage    Failure   Level
a - Summon Small Mammal   Summ           88%        N/A       1%          1
b - Call Canine Familiar  Summ           22%        N/A       4%          3

Your spell library contained the following spells:

 Spells                   Type           Power      Damage    Failure   Level
 Call Imp                 Summ           22%        N/A       2%          2
 Summon Guardian Golem    Hex/Summ       12%        N/A       21%         3
 Sandblast                Erth           2%         2d4       26%         1
 Passwall                 Tmut/Erth      0%         N/A       38%         2
 Animate Armour           Summ/Erth      24%        N/A       54%         4
 Summon Lightning Spire   Summ/Air       12%        N/A       54%         4
 Ignite Poison            Fire/Tmut/Pois 1%         N/A       63%         3
 Kindle Blastsparks       Fire/Tloc/Air  2%         2d10      63%         3
 Stone Arrow              Conj/Erth      2%         3d7       63%         3
 Anguish                  Hex/Necr       0%         N/A       95%         4
 Freezing Cloud           Conj/Ice/Air   0%         6-21      100%        5
 Enfeeble                 Hex            0%         N/A       100%        7
 Lehudib's Crystal Spear  Conj/Erth      0%         10d2      100%        8


Dungeon Overview and Level Annotations

Branches:
Dungeon (6/15)              Sewer (visited)
 Temple: D:4-7

Altars:
Cheibriados
Qazlal
Yredelemnul

Shops:
D:4 *   D:6 (


Innate Abilities, Weirdness & Mutations

You have razor-sharp teeth.
Your natural rate of healing is unusually fast.
When hurt, damage is shared between your health and your magic reserves.
Your bite disrupts and absorbs the magic of your enemies.
Potions cannot restore your health.


Message History

You hit the black bear but do no damage.
The black bear is moderately wounded.
The black bear bites you. The black bear claws you.
The black bear closely misses you.
The shadow strikes at you from the darkness!
Reactivating autopickup.
Your hound barely misses the black bear.
The black bear barely misses you. x2
The black bear claws you but does no damage.
The shadow slips into darkness.
The shadow flickers and vanishes!
Deactivating autopickup; reactivate with Ctrl-A.
Your hound bites the black bear.
You are too injured to fight recklessly!
You swap places.
Your hound bites the black bear.
The black bear bites you but does no damage.
The black bear claws you but does no damage.
The black bear barely misses you.
The black bear attacks as you move away!
The black bear bites you but does no damage.
The black bear barely misses you.
The black bear claws you but does no damage.
Found a short sword.
Your hound bites the black bear.
The shadow strikes at you from the darkness!
* * * LOW HITPOINT WARNING * * *
Reactivating autopickup.
Your hound bites the black bear.
It was a potion of cancellation.
You feel magically purged.
Your hound misses the black bear. The shadow hits you.
* * * LOW HITPOINT WARNING * * *
The black bear bites you but does no damage.
The black bear barely misses you. The black bear claws you.
* * * LOW HITPOINT WARNING * * *
It was a potion of might.
You feel very mighty all of a sudden.
Your hound bites the black bear.
The shadow hits you.
* * * LOW HITPOINT WARNING * * *
The black bear bites you but does no damage.
The black bear claws you.
You die...

###### .....# .....# #.#..#
.....# ## #.#..##...#
..........##########
#.#.###............# ....#
)......@h.# #.#.# ........Wh#
....# ..........############
....# ..........'..........#
....#...#..........##########.###
....#...#..........# #...#
....#...#..........# ###.#
...##...#......._..# #.#
#####..............# #.#


You could see a black bear (ally target), a shadow and a friendly hound
(summoned).

Vanquished Creatures
  Blork the orc (D:5)
  A necrophage (D:5)
  2 scorpions
  An orc priest (D:5)
  A hound (D:5)
  A jelly (D:5)
  An iguana (D:5)
  12 adders
  A shadow imp (D:6)
  A white imp (D:6)
  An ufetubus (D:5)
  4 worms (D:3)
  A dart slug (D:3)
  7 orcs
  6 ball pythons
  3 endoplasms
  3 giant cockroaches
  4 goblins
  7 hobgoblins
  4 jackals
  6 quokkas
  3 bats
  3 frilled lizards
  6 kobolds
  5 rats
85 creatures vanquished.

Vanquished Creatures (collateral kills)
  Pargi (Sewer)
  A phantom (D:5)
  A necrophage (D:5)
  A scorpion (D:6)
  A hound (D:6)
  Crazy Yiuf (D:4)
  An orc wizard (D:6)
  An adder (D:6)
  An ufetubus (D:6)
  A worm (D:5)
  2 orcs
  An endoplasm (D:2)
  A giant cockroach (D:3)
  2 goblins
  A jackal (D:2)
  2 kobolds
  A quokka (D:1)
  2 training dummies (D:6)
  A frilled lizard (D:1)
  A rat (D:3)
24 creatures vanquished.

Grand Total: 109 creatures vanquished

Notes
Turn   | Place    | Note
-------+----------+-------------------------------------------
     0 | D:1      | Aneyh the Vine Stalker Summoner began the quest for the
                  | Orb.
     0 | D:1      | Reached XP level 1. HP: 9/9 MP: 4/4
   177 | D:1      | Reached XP level 2. HP: 5/13 MP: 1/6
   721 | D:1      | Reached XP level 3. HP: 16/16 MP: 7/7
   955 | D:2      | Learned a level 3 spell: Call Canine Familiar
  1387 | D:2      | Found a stormy altar of Qazlal.
  1464 | D:2      | Reached skill level 1 in Fighting
  1464 | D:2      | Gained mutation: Your natural rate of healing is unusually
                  | fast. [Vine Stalker growth]
  1464 | D:2      | Reached XP level 4. HP: 22/22 MP: 8/8
  2038 | D:3      | Found a faded altar of an unknown god.
  2151 | D:3      | Reached skill level 5 in Summonings
  2244 | D:3      | Reached XP level 5. HP: 18/26 MP: 5/9
  2395 | D:3      | Found a glowing drain.
  2402 | Sewer    | Entered a sewer
  2419 | Sewer    | Noticed Pargi
  2430 | Sewer    | Killed Pargi
  2431 | Sewer    | Reached XP level 6. HP: 12/32 MP: 0/10
  3287 | D:4      | Found Ogig's Assorted Antiques.
  3356 | D:4      | Found a runed translucent door.
  3357 | D:4      | Noticed Crazy Yiuf
  3426 | D:4      | Found a basalt altar of Yredelemnul.
  3671 | D:4      | You fall into a shaft and drop 1 floor!
  3671 | D:5      | Entered Level 5 of the Dungeon
  3816 | D:5      | Reached XP level 7. HP: 38/38 MP: 9/11
  4092 | D:4      | Killed Crazy Yiuf
  4211 | D:5      | Noticed Blork the orc
  4235 | D:5      | Killed Blork the orc
  4374 | D:5      | Reached skill level 5 in Fighting
  4821 | D:6      | Gained mutation: You have razor-sharp teeth. [Vine Stalker
                  | growth]
  4821 | D:6      | Reached XP level 8. HP: 42/44 MP: 9/12
  4825 | D:6      | Identified the +0 flail of Gilanyext {flame, rN+}
  4999 | D:6      | Found Eveuhem's Firing Range.
  5158 | D:6      | Noticed a shadow
  5159 | D:6      | Found a snail-covered altar of Cheibriados.
  5167 | D:6      | HP: 2/44 [black bear (2)]
  5168 | D:6      | Slain by a black bear

Illustrated notes

Levels and vault maps discovered:
D:1:      enne_arrival_octagon_isle, layout_loops_ring
D:2:      minmay_alternating_diamond, layout_basic, basic_altar
D:3:      minmay_recursive_quarters, layout_basic, basic_ecumenical_altar,
          lightli_sewer_entry_pipes
D:4:      layout_basic, amcnicky_altar_gilded, serial_shops, nicolae_shop_trees,
          uniq_crazy_yiuf_cottage
D:5:      layout_loops_cross, uniq_blork_the_orc
D:6:      layout_basic, overflow_temple_1_default, minmay_temple_entry_waves,
          serial_glass, glass_columns_a, glass_columns_c, serial_shops,
          nicolae_square_shop, nicolae_shop_firing_range

Skill      XL: |  1  2  3  4  5  6  7  8 |
---------------+-------------------------+-----
Dodging        | 2 |  2.0
Fighting       | 1 2 3 4 5 6 |  6.3
Stealth        | 3 |  3.0
Summonings     | 5 6 |  6.8
Spellcasting   | |  2.3

Action                     |  1- 3 |  4- 6 |  7- 9 || total
---------------------------+-------+-------+-------++-------
  Melee: Hand axe          |    39 |       |       ||    39
         Unarmed           |     4 |       |       ||     4
         Bite              |    13 |    43 |    29 ||    85
         Mace              |    42 |   151 |    66 ||   259
         Punch             |     1 |       |     3 ||     4
         Flail             |       |       |    20 ||    20
   Fire: Sling             |       |     3 |       ||     3
   Cast: Summon Small Mamm |    14 |     3 |     1 ||    18
         Call Canine Famil |     1 |     4 |     9 ||    14
    Use: Scroll            |       |     4 |       ||     4
         Potion            |       |       |     2 ||     2
   Stab: Sleeping          |     3 |     5 |     1 ||     9
         Distracted        |       |       |     1 ||     1
 Armour: Robe              |    20 |    51 |       ||    71
         Troll leather arm |       |    26 |    64 ||    90
  Dodge: Dodged            |    74 |    97 |    74 ||   245

Table legend: (Time is in decaauts)
 A = Elapsed time spent in this place.
 B = Non-inter-level travel time spent in this place.
 C = Inter-level travel time spent in this place.
 D = Time resting spent in this place.
 E = Time spent auto-exploring this place.
 F = Levels seen in this place.
 G = Mean time per level.
                   A        B        C        D        E       F      G
               +--------+--------+--------+--------+--------+-----+--------+
         Total |   5325 |   5142 |    183 |    176 |   3652 |   7 |  760.7 |
       Dungeon |   5088 |   4905 |    183 |    176 |   3479 |   6 |  848.0 |
         Sewer |    236 |    236 |      0 |      0 |    173 |   1 |  236.0 |
               +--------+--------+--------+--------+--------+-----+--------+

Top non-repeatable levels by time:
     D:3: 1145 daAuts
     D:2: 991 daAuts
     D:1: 949 daAuts
     D:4: 807 daAuts
     D:5: 805 daAuts
     D:6: 390 daAuts
   Sewer: 236 daAuts
